AoeStats
← Tt5

Arabia

508899039Analyzed
1v1 RM · 6d ago on Sep 24, 2026· 30m 48s· 2 players
Game mode
Random Map
Map size
Tiny (2 player)
Population
200
Speed
Normal
Resources
Standard
Victory
Conquest
Starting age
Dark Age
Ending age
Imperial Age
RankedLock teamsTeams togetherTeam positionsShared explorationLock speedFull tech treeHidden civsTurbo modeCheats
Victory
Defeat
🇦🇷 Ethiopians · Argentina
517
+18
🇨🇦 Tatars · Canada
556
-18
gonzalovega84
7:59 Loom
10:33 Feudal Age
14:36 Fletching
17:26 Double-Bit Axe
19:19 Wheelbarrow
26:26 Castle Age
28:16 Crossbowman
28:58 Bodkin Arrow
29:05 Padded Archer Armor
Tt5
0:36 Loom
12:00 Feudal Age
12:21 Man-at-Arms
18:05 Castle Age
21:46 Fletching
22:49 Padded Archer Armor
Connection lost

Rejoining the realm…

Still unreachable

The connection could not be restored.

Session expired

The server has moved on; the page needs a fresh start.